 Dungeon Crawl Stone Soup version 0.21.1-1-g345015f (webtiles) character file.

71981 RedSatellite the Warrior (level 14, -2/151 HPs)
             Began as a Minotaur Fighter on June 15, 2018.
             Was the Champion of Okawaru.
             Slain by a starcursed mass (4 damage)
             ... on level 2 of the Abyss on June 18, 2018.
             The game lasted 03:22:11 (23554 turns).

RedSatellite the Warrior (Minotaur Fighter)        Turns: 23554, Time: 03:22:12

Health: -2/151     AC: 22    Str: 24    XL:     14   Next: 99%
Magic:  19/19      EV: 11    Int:  5    God:    Okawaru [******]
Gold:   226        SH: 21    Dex: 16    Spells: 13/13 levels left

rFire    . . .     SeeInvis .   a - +2 hand axe (flame)
rCold    . . .     Gourm    .   X - +1 large shield {rPois}
rNeg     . . .     Faith    .   S - +0 plate armour
rPois    +         Spirit   .   E - +2 hat
rElec    .         Reflect  .   O - +1 cloak
rCorr    .         Harm     .   (no gloves)
MR       +....                  R - +0 pair of boots
Stlth    ..........             n - amulet of regeneration
HPRegen  0.75/turn              r - +4 ring of dexterity
MPRegen  0.16/turn              s - +3 ring of evasion

@: no status effects
A: retaliatory headbutt, horns 2, poison resistance, robust 1, MP-powered wands
a: Heroism, Finesse, Renounce Religion


You were on level 2 of the Abyss.
You worshipped Okawaru.
Okawaru was exalted by your worship.
You were not hungry.

You visited 4 branches of the dungeon, and saw 20 of its levels.
You visited the Abyss 1 time.

You collected 2089 gold pieces.
You spent 1863 gold pieces at shops.

Inventory:

Hand Weapons
 a - a +2 hand axe of flaming (weapon)
 c - the +8 rapier of Brawl {pierce, +Rage}
   (Okawaru gifted it to you on level 2 of the Lair of Beasts)

   It inflicts extra damage upon your enemies.
   It lets you go berserk.
 L - a +4 flail of crushing
Missiles
 t - 17 tomahawks (quivered)
Armour
 l - a +1 buckler of protection
 E - a +2 hat (worn)
 K - +2 swamp dragon scales
 O - a +1 cloak (worn)
 R - a +0 pair of boots (worn)
 S - a +0 plate armour (worn)
 X - a +1 large shield of poison resistance (worn)
Jewellery
 n - an amulet of regeneration (around neck)
 r - a +4 ring of dexterity (left hand)
 s - a +3 ring of evasion (right hand)
 U - an uncursed ring of see invisible
 Y - a +3 ring of intelligence {unknown}
Wands
 b - a wand of random effects (31)
 i - a wand of enslavement (20)
 q - a wand of iceblast (15)
 D - a wand of disintegration (17)
 G - a wand of flame (65)
 I - a wand of acid (15)
 N - a wand of paralysis (11)
 Z - a wand of clouds (5)
Scrolls
 g - a scroll of enchant armour
 h - 3 scrolls of immolation
 p - 3 scrolls of fog
 v - 11 scrolls of remove curse
 w - 4 scrolls of amnesia
 y - 2 scrolls of magic mapping
 J - 5 scrolls of teleportation
 Q - 3 scrolls of identify
Potions
 d - a potion of might
 e - 4 potions of magic
 j - 2 potions of flight
 k - 3 potions of curing
 o - 2 potions of invisibility {unknown}
 u - 4 potions of haste {unknown}
 z - 2 potions of agility
 B - 2 potions of mutation
 C - a potion of ambrosia {unknown}
 F - 3 potions of brilliance {unknown}
 M - a potion of lignification {unknown}
 T - a potion of cancellation {unknown}
Comestibles
 f - 25 rations


   Skills:
 * Level 16.6 Fighting
 * Level 15.3 Axes
 - Level 2.2 Throwing
 + Level 13.4 Armour
 - Level 4.6 Dodging
 - Level 0.7 Stealth
 + Level 13.4 Shields
 - Level 0.6 Invocations
 - Level 8.0 Evocations


You had 13 spell levels left.
You didn't know any spells.

Dungeon Overview and Level Annotations

Branches:
Dungeon (13/15)            Temple (0/1) D:4            Lair (4/6) D:9
  Swamp (0/4) Lair:2          Orc (2/2) D:12            Elf (1/3) Orc:2
 Vaults (0/5) D:13
  Snake: Lair:2-4    Spider: Lair:2-4

Altars:
Cheibriados
Dithmenos
Elyvilon
Fedhas
Gozag
Kikubaaqudgha
Okawaru
Qazlal
Ru
Trog
Vehumet
Wu Jian
The Shining One

Shops:
D:12 ?   Orc:2 ?*:[!:!   Elf:1 [

Portals:
Pandemonium: Orc:2
Trove: D:11 (give +4 ice dragon scales)

Annotations:
Lair:1 exclusion: oklob plant
Lair:4 Kirke


Innate Abilities, Weirdness & Mutations

You reflexively headbutt those who attack you in melee.
You have a pair of horns on your head.
Your system is resistant to poisons. (rPois)
You are robust. (+10% HP)
You expend magic power (3 MP) to strengthen your wands.


Message History

You hit the starcursed mass but do no damage.
The starcursed mass is lightly damaged.
You hit the starcursed mass but do no damage.
You block the starcursed mass's attack. The starcursed mass engulfs you!
* * * LOW HITPOINT WARNING * * *
You hit the starcursed mass but do no damage.
You headbutt the starcursed mass, but do no damage.
You slash the starcursed mass! You burn the starcursed mass.
The starcursed mass shudders and is absorbed by its neighbour.
You hit the starcursed mass but do no damage.
The starcursed mass engulfs you but does no damage.
You hit the starcursed mass but do no damage.
You headbutt the starcursed mass.
The starcursed mass is heavily damaged.
You hit the starcursed mass but do no damage.
The starcursed mass shudders and is absorbed by its neighbour.
A chorus of shrieks assaults your mind.
* * * LOW HITPOINT WARNING * * *
The starcursed mass engulfs you.
You die...

. . # #. ..##
. ....)# ##
...## . ## .
.?.####.##.#
#X#.X##.(.# .
#..@X..# #
#..)="###.(.#
.....####.#
#### ##..
..#. (# ....
#### # .. ..
# # . . .
.x.. #. .. .#
. # # #.


You could see 3 starcursed masses.

Vanquished Creatures
  A tentacled starspawn (Abyss:2)
  Azrael (D:13)
  Nessos (D:13)
  Josephine (D:13)
  4 vault guards (D:13)
  A great orb of eyes (Abyss:2)
  2 hydras (Lair:3)
  2 death knights
  A two-headed ogre (D:11)
  A dancing weapon (Elf:1)
  An ogre mage (D:11)
  3 tengu warriors
  4 orc high priests (Orc:2)
  5 deep elf knights
  2 sun demons (Orc:2)
  A torturous demonspawn (Orc:2)
  An unseen horror (D:12)
  A sixfirhy (Orc:2)
  A gelid demonspawn (Orc:1)
  5 deep elf archers
  2 infernal demonspawn (Orc:2)
  Pikel (D:7)
  4 orc knights
  23 deep elf magi
  9 orc sorcerers
  3 cyclopes
  An ugly thing (D:13)
  A worldbinder (Abyss:2)
  A rust devil (Orc:1)
  A gargoyle (D:11)
  2 spiny frogs
  An orange demon (Orc:2)
  A rime drake (Lair:2)
  3 freezing wraiths
  A tengu conjurer (D:13)
  A kobold demonologist (D:13)
  An ancient zyme (Abyss:2)
  A queen bee (D:10)
  6 trolls
  6 blink frogs (Lair:3)
  3 slime creatures (D:12)
  A raiju (Abyss:2)
  3 hippogriffs
  A large abomination (Abyss:2)
  2 shadows
  A spriggan (D:8)
  7 wraiths
  35 yaks
  2 wyverns
  A ynoxinul (Abyss:2)
  3 fire elementals (D:13)
  3 basilisks
  A chaos spawn (Orc:2)
  A hog (Lair:4)
  A hungry ghost (D:6)
  A warg (Orc:2)
  A soldier ant (D:13)
  3 hell hounds (D:13)
  4 porcupines
  5 water moccasins
  A slave (D:7)
  24 orc warriors
  3 black bears
  2 sky beasts
  11 ice beasts
  12 ogres
  3 starcursed masses (Abyss:2)
  2 necrophages
  A phantom (D:5)
  4 centaurs
  A big kobold (D:13)
  5 crocodiles
  2 small abominations (Abyss:2)
  18 bullfrogs
  2 earth elementals (Elf:1)
  A water moccasin zombie (D:10)
  6 scorpions
  27 killer bees
  A water moccasin skeleton (D:8)
  3 wights (D:7)
  A vampire bat (D:3)
  2 bullfrog zombies
  3 howler monkeys
  9 hounds
  3 jellies
  5 quasits
  25 orc priests
  A bullfrog skeleton (D:11)
  4 centaur skeletons
  4 iguanas
  16 orc wizards
  6 worker ants
  A killer bee zombie (D:6)
  A hound zombie (D:9)
  A hound skeleton (D:4)
  8 gnolls
  11 adders
  A shadow imp (D:8)
  2 ufetubi (Abyss:2)
  2 oozes
  An adder zombie (D:7)
  2 adder skeletons (D:4)
  A worm (D:2)
  2 dart slugs (D:3)
  3 leopard geckos (D:1)
  68 orcs
  5 bats
  2 bat skeletons (D:3)
  4 bat zombies (D:3)
  3 giant cockroaches
  3 goblins
  5 hobgoblins
  13 kobolds
  3 quokkas
  3 ball pythons
  4 frilled lizards
  A jackal zombie (D:5)
  A leopard gecko skeleton (D:7)
  8 rats
  A fungus (D:9)
  2 plants (D:6)
557 creatures vanquished.

Vanquished Creatures (others)
  A deep elf knight (Elf:1)
  4 fungi
  6 plants
  4 starspawn tentacles (Abyss:2)
15 creatures vanquished.

Grand Total: 572 creatures vanquished

Notes
Turn   | Place    | Note
-------+----------+-------------------------------------------
     0 | D:1      | RedSatellite the Minotaur Fighter began the quest for the Orb.
     0 | D:1      | Reached XP level 1. HP: 19/19 MP: 0/0
   463 | D:1      | Reached skill level 4 in Fighting
   463 | D:1      | Reached XP level 2. HP: 27/27 MP: 1/1
  1091 | D:2      | Reached XP level 3. HP: 33/33 MP: 2/2
  1356 | D:2      | Found a sacrificial altar of Ru.
  1782 | D:3      | Reached XP level 4. HP: 41/41 MP: 3/3
  1845 | D:3      | Found an iron altar of Okawaru.
  1850 | D:3      | Became a worshipper of Warmaster Okawaru
  2038 | D:3      | Reached skill level 1 in Dodging
  2222 | D:3      | Reached XP level 5. HP: 34/47 MP: 4/4
  2396 | D:3      | Found an ancient bone altar of Kikubaaqudgha.
  2727 | D:4      | Reached * piety under Okawaru
  2732 | D:4      | Reached skill level 5 in Armour
  2732 | D:4      | Reached XP level 6. HP: 38/53 MP: 5/5
  3276 | D:4      | Found a staircase to the Ecumenical Temple.
  3490 | D:4      | Reached skill level 5 in Shields
  3491 | D:4      | Reached skill level 5 in Axes
  3497 | D:4      | Reached skill level 5 in Fighting
  3539 | D:4      | Found an opulent altar of Gozag.
  3872 | D:5      | Entered Level 5 of the Dungeon
  3955 | D:5      | Reached XP level 7. HP: 55/61 MP: 6/6
  4049 | D:5      | Reached ** piety under Okawaru
  4112 | D:5      | Found a glowing golden altar of the Shining One.
  4599 | D:5      | Reached skill level 1 in Throwing
  5041 | D:6      | Reached XP level 8. HP: 69/69 MP: 7/7
  5112 | D:6      | Found a stormy altar of Qazlal.
  5913 | D:7      | Found a radiant altar of Vehumet.
  5926 | D:6      | Reached *** piety under Okawaru
  6224 | D:7      | Reached skill level 6 in Fighting
  6330 | D:7      | Reached XP level 9. HP: 75/75 MP: 8/8
  6448 | D:7      | Noticed Pikel
  6479 | D:7      | Killed Pikel
  6479 | D:7      | Reached **** piety under Okawaru
  6479 | D:7      | Reached skill level 1 in Evocations
  6840 | D:8      | Found a shadowy altar of Dithmenos.
  6840 | D:8      | Found a white marble altar of Elyvilon.
  6840 | D:8      | Found an ornate altar of the Wu Jian Council.
  6854 | D:8      | Found a snail-covered altar of Cheibriados.
  6933 | D:8      | Reached skill level 10 in Axes
  7580 | D:9      | Found a bloodstained altar of Trog.
  7703 | D:9      | Found a staircase to the Lair.
  7712 | D:9      | Reached skill level 7 in Fighting
  7726 | D:9      | Reached ***** piety under Okawaru
  7726 | D:9      | Reached XP level 10. HP: 49/86 MP: 7/10
  7836 | D:9      | Reached skill level 8 in Fighting
  8630 | Lair:1   | Entered Level 1 of the Lair of Beasts
  8653 | Lair:1   | Noticed a spiny frog
  8669 | Lair:1   | Killed a spiny frog
  8800 | Lair:1   | Noticed an oklob plant
  9260 | Lair:1   | Reached skill level 9 in Fighting
  9645 | Lair:2   | Noticed a spiny frog
  9656 | Lair:2   | Killed a spiny frog
  9733 | Lair:2   | Found a staircase to the Swamp.
  9864 | Lair:2   | Received a gift from Okawaru
  9870 | Lair:2   | Got a slimy rapier {god gift}
  9871 | Lair:2   | Identified the +8 rapier of Brawl {pierce, +Rage} (Okawaru gifted it to you on level 2 of the Lair of Beasts)
 10072 | Lair:2   | Reached XP level 11. HP: 99/99 MP: 12/12
 10186 | Lair:3   | Noticed a four-headed hydra
 10201 | Lair:3   | Killed a four-headed hydra
 10201 | Lair:3   | Reached skill level 10 in Fighting
 10923 | Lair:3   | Reached ****** piety under Okawaru
 11096 | Lair:3   | Reached skill level 11 in Fighting
 11099 | Lair:3   | Reached skill level 10 in Shields
 11219 | Lair:3   | Received a gift from Okawaru
 11253 | Lair:3   | Noticed an eight-headed hydra
 11278 | Lair:3   | Killed an eight-headed hydra
 11278 | Lair:3   | Reached skill level 10 in Armour
 11866 | Lair:4   | Noticed Kirke
 11875 | Lair:4   | Noticed a lindwurm
 11961 | D:10     | Entered Level 10 of the Dungeon
 12149 | D:10     | Received a gift from Okawaru
 12285 | D:10     | Reached skill level 5 in Evocations
 12458 | D:10     | Reached XP level 12. HP: 107/112 MP: 14/14
 12570 | D:10     | Reached skill level 12 in Fighting
 13041 | D:10     | Received a gift from Okawaru
 13220 | D:11     | Found a portal to a secret trove of treasure.
 13366 | D:11     | Received a gift from Okawaru
 13464 | D:11     | Noticed a two-headed ogre
 13470 | D:11     | Noticed an ogre mage
 13478 | D:11     | Killed a two-headed ogre
 13505 | D:11     | Killed an ogre mage
 13592 | D:11     | Found a blossoming altar of Fedhas.
 14261 | D:12     | Reached skill level 13 in Fighting
 14334 | D:12     | Noticed a death knight
 14584 | D:13     | Noticed Nessos
 14610 | D:13     | Killed Nessos
 14776 | D:13     | Noticed Josephine
 14800 | D:13     | Killed Josephine
 14880 | D:13     | Noticed a tengu warrior
 14906 | D:13     | Killed a tengu warrior
 14997 | D:13     | Reached XP level 13. HP: 97/122 MP: 16/16
 15136 | D:13     | Noticed Azrael
 15163 | D:13     | Killed Azrael
 15419 | D:13     | Found a gate to the Vaults.
 15457 | D:13     | Reached skill level 14 in Fighting
 16182 | D:12     | Received a gift from Okawaru
 16220 | D:12     | Found a staircase to the Orcish Mines.
 17092 | D:12     | Found Waploce's Magic Scroll Emporium.
 17297 | Orc:1    | Entered Level 1 of the Orcish Mines
 17359 | Orc:2    | Entered Level 2 of the Orcish Mines
 17359 | Orc:2    | Found Lisa's Magic Scroll Shoppe.
 17359 | Orc:2    | Found Tyilum's Book Boutique.
 17360 | Orc:2    | Found Joyr Tetz's General Store.
 17613 | Orc:2    | Found Otuv's Distillery.
 17617 | Orc:2    | Found Nurock's Distillery.
 17744 | Orc:1    | HP: 3/125 [orc knight/enchanted great mace (28)]
 18407 | Orc:2    | Bought a potion of heal wounds for 80 gold pieces
 18407 | Orc:2    | Bought a potion of mutation for 128 gold pieces
 18409 | Orc:2    | Bought a potion of heal wounds for 65 gold pieces
 18409 | Orc:2    | Gained mutation: You are partially covered in molten scales. (AC +2) [potion of mutation]
 18409 | Orc:2    | Gained mutation: You expend magic power (3 MP) to strengthen your wands. [potion of mutation]
 18409 | Orc:2    | Gained mutation: You are partially covered in large bone plates. (SH +4) [potion of mutation]
 18558 | Orc:2    | Found a staircase to the Elven Halls.
 18686 | Orc:2    | Paralysed by an orc sorcerer for 4 turns
 18870 | Orc:2    | Reached skill level 15 in Fighting
 18919 | Orc:2    | Paralysed by an orc sorcerer for 2 turns
 18952 | Orc:2    | Reached XP level 14. HP: 117/135 MP: 18/18
 18976 | Orc:2    | Received a gift from Okawaru
 19663 | Orc:1    | Paralysed by an orc sorcerer for 5 turns
 19673 | Orc:1    | Paralysed by an orc sorcerer for 3 turns
 20986 | Orc:2    | Found Ubigamyu's Book Emporium.
 20986 | Orc:2    | Found Tuema's Antique Armour Shoppe.
 20986 | Orc:2    | Found a one-way gate leading to the halls of Pandemonium.
 21057 | Elf:1    | Entered Level 1 of the Elven Halls
 21161 | Elf:1    | Lost mutation: You are partially covered in molten scales. (AC +2) [potion of mutation]
 21161 | Elf:1    | Lost mutation: You are partially covered in large bone plates. (SH +4) [potion of mutation]
 21161 | Elf:1    | Gained mutation: You are robust. (+10% HP) [potion of mutation]
 21161 | Elf:1    | Gained mutation: Your system is resistant to poisons. (rPois) [potion of mutation]
 21239 | Elf:1    | Found Erphaacw's Antique Armour Boutique.
 21567 | Orc:2    | Received a gift from Okawaru
 21794 | Elf:1    | Received a gift from Okawaru
 21830 | Elf:1    | Reached skill level 16 in Fighting
 22630 | Elf:1    | Reached skill level 15 in Axes
 23105 | Elf:1    | Bought shiny swamp dragon scales for 1590 gold pieces
 23238 | Elf:1    | Noticed a deep elf sorcerer
 23252 | Elf:1    | Cast into level 2 of the Abyss (a deep elf sorcerer)
 23267 | Abyss:2  | Found a corrupted altar of Lugonu.
 23363 | Abyss:2  | Noticed a tentacled starspawn
 23383 | Abyss:2  | Killed a tentacled starspawn
 23503 | Abyss:2  | Noticed a starcursed mass
 23548 | Abyss:2  | Paralysed by accursed screaming for 1 turns
 23551 | Abyss:2  | HP: 6/151 [starcursed mass (10)]
 23554 | Abyss:2  | HP: 2/151 [starcursed mass/accursed screaming (6)]
 23554 | Abyss:2  | Slain by a starcursed mass

Skill      XL: |  1  2  3  4  5  6  7  8  9 10 11 12 13 14 |
---------------+-------------------------------------------+-----
Fighting       | 4 5 6 7 9 11 13 15 16 | 16.6
Armour         | 4 5 6 7 9 10 11 12 13 | 13.4
Shields        | 4 5 6 8 9 10 11 12 13 | 13.4
Axes           | 3 4 5 7 9 10 11 12 13 15 | 15.3
Dodging        | 1 2 3 4 |  4.6
Throwing       | 1 2 |  2.2
Evocations     | 2 3 5 6 7 8 |  8.0
Stealth        | |  0.7
Invocations    | |  0.6

Action                   |  1- 3 |  4- 6 |  7- 9 | 10-12 | 13-15 || total
-------------------------+-------+-------+-------+-------+-------++-------
Melee: War axe           |   119 |   119 |    65 |       |       ||   303
       Headbutt          |    18 |    17 |    64 |   208 |   331 ||   638
       Hand axe          |       |       |   205 |   741 |  1126 ||  2072
       Flail             |       |       |       |    23 |       ||    23
Throw: Tomahawk          |       |     7 |    19 |    28 |    17 ||    71
Invok: Heroism           |       |     1 |     4 |     6 |     7 ||    18
Evoke: Wand              |       |       |    12 |     8 |    11 ||    31
  Use: Scroll            |       |    12 |    10 |     7 |     9 ||    38
       Potion            |       |       |     1 |     2 |    10 ||    13
 Stab: Distracted        |       |       |       |       |     1 ||     1
  Eat: Chunk             |     2 |     1 |     3 |    15 |     5 ||    26
       Ration            |     1 |     1 |     3 |     3 |     7 ||    15
Armor: Scale mail        |    57 |    56 |    42 |       |       ||   155
       Plate armour      |       |       |    18 |   281 |   279 ||   578
       Swamp dragon scal |       |       |       |       |     1 ||     1
Dodge: Dodged            |    26 |    32 |    69 |   230 |   300 ||   657
Block: Shield            |    74 |    73 |   137 |   302 |       ||   586
       Buckler           |       |       |       |    66 |   292 ||   358
       Large shield      |       |       |       |       |   113 ||   113
